 Dungeon Crawl Stone Soup version 0.19.0-9-gfd783f2 (webtiles) character file.

5540 mistymad the Martial Artist (level 10, -6/92 HPs)
             Began as a Naga Transmuter on Nov 7, 2016.
             Mangled by a red ugly thing (11 damage)
             ... on level 8 of the Dungeon.
             The game lasted 00:30:56 (11309 turns).

mistymad the Martial Artist (Naga Transmuter)      Turns: 11309, Time: 00:30:57

Health: -6/92      AC:  2    Str: 12    XL:     10   Next: 71%
Magic:  16/19      EV: 19    Int: 17    God:
Gold:   177        SH:  0    Dex: 15    Spells: 6 memorised, 3 levels left

rFire  . . .     SeeInvis +       - Unarmed
rCold  . . .     Gourm    .     (armour currently unavailable)
rNeg   . . .     Faith    .     (shield currently unavailable)
rPois  x         Spirit   .     (helmet currently unavailable)
rElec  .         Reflect  .     (cloak currently unavailable)
rCorr  .         Harm     .     (gloves currently unavailable)
MR     +....                    (no barding)
Stlth  +.........               (no amulet)
                                (no ring)
                                p - -2 ring of dexterity

@: spider-form
A: see invisible, (deformed body), (poison resistance), (slowness 0), slow
metabolism 1, spit poison 1, AC +3
a: Spit Poison, End Transformation


You were on level 8 of the Dungeon.
You were hungry.
You were a venomous arachnid creature.
You visited 2 branches of the dungeon, and saw 9 of its levels.

You collected 447 gold pieces.
You spent 270 gold pieces at shops.

Inventory:

Missiles
 a - 92 arrows
Armour
 k - a +1 cloak (melded)
 r - a +0 helmet (melded)
 y - a +0 buckler
 A - a +2 robe of magic resistance (melded)
Jewellery
 l - a +2 ring of strength {unknown}
 p - a -2 ring of dexterity (left front leg)
Wands
 h - a wand of digging (5/24)
 q - a wand of polymorph (3/24)
 D - a wand of slowing (17/48)
 F - a wand of acid (9/15)
Scrolls
 i - 3 scrolls of magic mapping
 v - 5 scrolls of teleportation
 C - 2 scrolls of enchant armour
Potions
 b - a potion of cancellation {unknown}
 e - 2 potions of might
 f - a potion of magic
 j - a potion of invisibility
 m - a potion of berserk rage
 n - 2 potions of agility {unknown}
 o - 8 potions of curing
 s - a potion of haste
 u - 3 potions of heal wounds
 x - a potion of mutation {unknown}
 B - a potion of ambrosia {unknown}
 I - a potion of resistance {unknown}
Books
 c - a book of Changes

   Spells                             Type                      Level
   a - Beastly Appendage              Transmutation                1
   b - Sticks to Snakes               Transmutation                2
   c - Spider Form                    Transmutation/Poison         3
   d - Ice Form                       Ice/Transmutation            4
   e - Blade Hands                    Transmutation                5
 G - a book of Geomancy

   Spells                             Type                      Level
   a - Sandblast                      Earth                        1
   b - Passwall                       Transmutation/Earth          2
   c - Stone Arrow                    Conjuration/Earth            3
   d - Petrify                        Transmutation/Earth          4
   e - Lee's Rapid Deconstruction     Earth                        5
Comestibles
 d - 8 bread rations
 g - a beef jerky
 t - a slice of pizza
 w - a meat ration


   Skills:
 + Level 6.3 Fighting
 - Level 1.5 Dodging
 + Level 9.2 Unarmed Combat
 - Level 6.0 Spellcasting
 + Level 8.9 Transmutations
 + Level 3.9 Earth Magic


You had 3 spell levels left.
You knew the following spells:

 Your Spells              Type           Power        Failure   Level  Hunger
a - Beastly Appendage     Tmut           #####.       3%          1    None
b - Sticks to Snakes      Tmut           #####...     4%          2    None
c - Spider Form           Tmut/Pois      ###.......   21%         3    ##.....
d - Blade Hands           Tmut           #####.....   28%         5    #####..
e - Passwall              Tmut/Erth      ####......   6%          2    None
f - Lee's Rapid Deconstr  Erth           ###.......   93%         5    #####..


Dungeon Overview and Level Annotations

Branches:
Dungeon (8/15)             Temple (1/1) D:4
   Lair: D:8-11

Altars:
Ashenzari
Cheibriados
Dithmenos
Elyvilon
Fedhas
Gozag
Hepliaklqana
Kikubaaqudgha
Makhleb
Nemelex Xobeh
Okawaru
Ru
Sif Muna
Trog
Uskayaw
Vehumet
Xom
Yredelemnul
Zin
The Shining One
Lugonu

Shops:
D:8 !


Innate Abilities, Weirdness & Mutations

You cannot wear boots.
((Your serpentine skin is tough. (AC +3)))
You have supernaturally acute eyesight. (SInv)
((Armour fits poorly on your strangely shaped body.))
((Your system is resistant to poisons. (rPois)))
((You cover ground very slowly.))
You have a slow metabolism.
You can spit poison.


Message History

You turn into a venomous arachnid creature.
Your +1 cloak melds into your body.
Your +0 helmet melds into your body.
Your +2 robe of magic resistance melds into your body.
You feel less resistant to hostile enchantments.
You are feeling hungry.
The red ugly thing trunk-slaps you!
You are engulfed in flames!
You take 31 damage, and have 39/92 hp.
MASSIVE DAMAGE!!
You now have 16/19 mp.
You hit the red ugly thing.
The red ugly thing is almost dead.
Unknown command.
You hit the red ugly thing but do no damage.
The red ugly thing looks as sick as possible!
The red ugly thing is almost dead.
The red ugly thing trunk-slaps you!
* * * LOW HITPOINT WARNING * * *
You are engulfed in flames!!
* * * LOW HITPOINT WARNING * * *
You take 35 damage, and have 4/92 hp.
MASSIVE DAMAGE!!
The red ugly thing trunk-slaps you!
You die...

#.## ##'#########..#.#. #.#
##...## #..#.#. #.#### ##.....##
#...... #.##.## ##.....).##
##..#.##
####.#...####.........####(..#.##
)...........'.........'((([....#.
####.#...####.........####......∩
##)##.## ##..u....## ##.##.##
#.).### ##.s.....########)# ##..#
##............##.# ##.#
##'#.....###.##.# #.# #.#.._..#
#.##.# #.# #.#.....###.##.# #.#
######.#............# #.#
#........#...###.#### ##.##
#.##.....##..# #.#
#...#####.##.....##..###.#


You could see a red ugly thing.

Vanquished Creatures
  The ghost of Lovchig the Spear-Bearer, a novice DDFi of Uskayaw (D:8)
  Psyche (D:8)
  A two-headed ogre (D:8)
  Grinder (D:4)
  2 hippogriffs
  Sigmund (D:4)
  A wyvern (D:8)
  Edmund (D:4)
  Duvessa (D:4)
  2 orc warriors
  2 ice beasts (D:7)
  A sky beast (D:8)
  3 centaurs
  3 ogres
  3 wolves (D:8)
  4 phantoms
  The ghost of Chiseanne the Ducker, an amateur HEAr (D:4)
  A big kobold (D:6)
  2 bullfrogs
  Dowan (D:4)
  A killer bee (D:8)
  A scorpion (D:8)
  3 howler monkeys (D:5)
  A bullfrog zombie (D:5)
  A centaur zombie (D:6)
  4 crimson imps
  A jelly (D:6)
  2 hounds (D:7)
  2 bullfrog skeletons
  2 orc priests
  An iguana (D:6)
  6 orc wizards
  2 worker ants
  Robin (D:4)
  A howler monkey skeleton (D:4)
  10 adders
  A gnoll (D:7)
  A shadow imp (D:8)
  An adder zombie (D:7)
  2 oozes (D:1)
  4 worms
  5 dart slugs
  6 leopard geckos
  50 orcs
  9 bats
  7 giant cockroaches
  20 goblins
  12 hobgoblins
  11 jackals
  15 kobolds
  3 quokkas
  A ball python (D:2)
  9 frilled lizards
  A jackal skeleton (D:5)
  2 quokka skeletons
  A quokka zombie (D:6)
  13 rats
246 creatures vanquished.

Vanquished Creatures (collateral kills)
  Grum (D:8)
  An orc warrior (D:8)
  2 ogres
  A worker ant zombie (D:7)
5 creatures vanquished.

Grand Total: 251 creatures vanquished

Notes
Turn   | Place    | Note
-------+----------+-------------------------------------------
     0 | D:1      | mistymad the Naga Transmuter began the quest for the Orb.
     0 | D:1      | Reached XP level 1. HP: 18/18 MP: 3/3
   335 | D:1      | Reached XP level 2. HP: 25/25 MP: 5/5
   676 | D:1      | Learned a level 2 spell: Sticks to Snakes
   748 | D:1      | Reached XP level 3. HP: 27/31 MP: 6/6
   788 | D:1      | Learned a level 3 spell: Spider Form
  1561 | D:2      | Reached XP level 4. HP: 36/38 MP: 0/7
  1864 | D:2      | Found a glowing golden altar of the Shining One.
  2701 | D:3      | Reached skill level 4 in Unarmed Combat
  2822 | D:3      | Found an ancient bone altar of Kikubaaqudgha.
  2824 | D:3      | Found a white marble altar of Elyvilon.
  2831 | D:3      | Reached XP level 5. HP: 44/44 MP: 5/9
  3637 | D:4      | Noticed Chiseanne's ghost (amateur HEAr)
  3660 | D:4      | Killed Chiseanne's ghost
  3660 | D:4      | Reached XP level 6. HP: 40/51 MP: 9/11
  3756 | D:4      | Found a staircase to the Ecumenical Temple.
  3765 | Temple   | Entered the Ecumenical Temple
  3858 | D:4      | Noticed Grinder
  3871 | D:4      | Killed Grinder
  3871 | D:4      | Reached skill level 5 in Unarmed Combat
  3871 | D:4      | Reached XP level 7. HP: 31/57 MP: 9/13
  4184 | D:4      | Noticed Edmund
  4199 | D:4      | Killed Edmund
  4199 | D:4      | Reached skill level 5 in Transmutations
  4308 | D:4      | Noticed Robin
  4549 | D:4      | Noticed Duvessa
  4557 | D:4      | Noticed Dowan
  4701 | D:4      | Killed Duvessa
  4701 | D:4      | Reached skill level 5 in Spellcasting
  4703 | D:4      | Killed Robin
  4707 | D:4      | Killed Dowan
  4707 | D:4      | Reached XP level 8. HP: 49/64 MP: 12/15
  4806 | D:4      | Noticed Sigmund
  4821 | D:4      | Killed Sigmund
  5047 | D:4      | Found a sparkling altar of Nemelex Xobeh.
  5061 | D:4      | Reached skill level 6 in Unarmed Combat
  5476 | D:5      | Entered Level 5 of the Dungeon
  5544 | D:5      | Found a shadowy altar of Dithmenos.
  5551 | D:5      | Learned a level 5 spell: Blade Hands
  6062 | D:5      | Found a shimmering altar of Xom.
  6168 | D:5      | Found a hide-covered altar of Uskayaw.
  6379 | D:6      | Found a deep blue altar of Sif Muna.
  6587 | D:6      | Found a hazy altar of Hepliaklqana.
  6702 | D:6      | Reached XP level 9. HP: 19/73 MP: 8/18
  6949 | D:6      | Reached skill level 7 in Unarmed Combat
  7770 | D:7      | Found an iron altar of Okawaru.
  7771 | D:7      | Found a bloodstained altar of Trog.
  8165 | D:7      | Found a basalt altar of Yredelemnul.
  8177 | D:7      | Learned a level 2 spell: Passwall
  8183 | D:7      | Learned a level 5 spell: Lee's Rapid Deconstruction
  8194 | D:7      | Reached skill level 8 in Unarmed Combat
  8433 | D:8      | Reached skill level 5 in Fighting
  8433 | D:8      | Reached skill level 1 in Earth Magic
  8675 | D:8      | Noticed a two-headed ogre
  8688 | D:8      | Killed a two-headed ogre
  8688 | D:8      | Reached XP level 10. HP: 42/88 MP: 12/19
  9066 | D:8      | Found Gumelas's Distillery.
  9072 | D:8      | Bought a potion of lignification for 45 gold pieces
  9078 | D:8      | Bought a potion of heal wounds for 75 gold pieces
  9078 | D:8      | Bought a potion of curing for 45 gold pieces
  9078 | D:8      | Bought a potion of curing for 45 gold pieces
  9078 | D:8      | Bought a potion of might for 60 gold pieces
  9117 | D:8      | Noticed Lovchig's ghost (novice DDFi)
  9253 | D:8      | Noticed Psyche
  9273 | D:8      | Killed Psyche
  9581 | D:8      | Found a burning altar of Makhleb.
  9583 | D:8      | Noticed an Executioner
 10072 | D:8      | Noticed Grum
 10328 | D:8      | Killed Grum
 10608 | D:8      | Reached skill level 9 in Unarmed Combat
 10717 | D:8      | Found a burning altar of Makhleb.
 10819 | D:8      | Killed Lovchig's ghost
 11279 | D:8      | Noticed a red ugly thing
 11306 | D:8      | HP: 4/92 [red ugly thing (20)]
 11309 | D:8      | Mangled by a red ugly thing

Skill      XL: |  1  2  3  4  5  6  7  8  9 10 |
---------------+-------------------------------+-----
Transmutations | 3 4 5 6 8 |  8.9
Unarmed Combat | 4 5 6 8 9 |  9.2
Spellcasting   | 3 4 5 6 |  6.0
Fighting       | 2 5 6 |  6.3
Earth Magic    | 1 3 |  3.9
Dodging        | |  1.5

Action                   |  1- 3 |  4- 6 |  7- 9 | 10-12 || total
-------------------------+-------+-------+-------+-------++-------
Melee: Unarmed           |    71 |   189 |   391 |   158 ||   809
       Headbutt          |     7 |       |     3 |       ||    10
       Punch             |     1 |       |     1 |     2 ||     4
 Cast: Beastly Appendage |     8 |     3 |     1 |       ||    12
       Spider Form       |     1 |    24 |    40 |    16 ||    81
       Sticks to Snakes  |       |       |    11 |     9 ||    20
       Blade Hands       |       |       |     5 |     2 ||     7
 Abil: Spit Poison       |    23 |    22 |    11 |     7 ||    63
  Use: Scroll            |       |     5 |     3 |     4 ||    12
       Potion            |       |     1 |       |     2 ||     3
 Stab: Distracted        |       |       |     1 |     3 ||     4
       Sleeping          |       |       |     1 |       ||     1
  Eat: Chunk             |     3 |    10 |    18 |     4 ||    35
       Fruit             |       |       |       |     3 ||     3
       Pizza             |       |       |       |     1 ||     1
Armor: Robe              |    18 |    16 |    35 |    11 ||    80
       Skin              |       |    10 |     9 |    53 ||    72
Dodge: Dodged            |    46 |   156 |   282 |    87 ||   571
